 Dungeon Crawl Stone Soup version 0.29.1-1-gd02db6906a (webtiles) character file.

Game seed: 9121239028677383220

14 Zeld the Covered (level 2, 27/27 HPs)
             Began as a Minotaur Fighter on Oct 9, 2022.
             Quit the game on level 1 of the Dungeon.
             The game lasted 00:00:22 (73 turns).

Zeld the Covered (Minotaur Fighter)                   Turns: 73, Time: 00:00:23

Health: 27/27      AC:  7    Str: 20    XL:     2   Next: 31%
Magic:  1/1        EV:  9    Int:  5    God:
Gold:   5          SH:  4    Dex:  9    Spells: 1/1 levels left

rFire   . . .      SeeInvis .   a - +0 war axe
rCold   . . .      Faith    .   c - +0 buckler
rNeg    . . .      Spirit   .   b - +0 scale mail
rPois   .          Reflect  .   (helmet restricted)
rElec   .          Harm     .   (no cloak)
rCorr   .          Rampage  .   (no gloves)
Will    .....                   (no boots)
Stlth   ..........              (no amulet)
HPRegen 0.09/turn               (no ring)
MPRegen 0.07/turn               (no ring)

@: no status effects
A: horns 2, retaliatory headbutt
a: no special abilities


You were on level 1 of the Dungeon.
You visited 1 branch of the dungeon, and saw 1 of its levels.

You collected 5 gold pieces.

Inventory:

Hand Weapons
 a - a +0 war axe (weapon)
Armour
 b - a +0 scale mail (worn)
 c - a +0 buckler (worn)
Potions
 d - a potion of might
 e - a potion of mutation {unknown}


   Skills:
 + Level 3.8 Fighting
 * Level 3.0 Axes
 + Level 3.8 Armour
 + Level 0.7 Dodging
 - Level 3.6 Shields


You had one spell level left.
You didn't know any spells.
Your spell library contained the following spells:

 Spells                   Type           Power      Damage    Failure   Level
 Ensorcelled Hibernation  Hex/Ice        0%         N/A       96%         2
 Passwall                 Tmut/Erth      0%         N/A       96%         2
 Swiftness                Air            0%         N/A       99%         3


Dungeon Overview and Level Annotations

Branches:
Dungeon (1/15)

Altars:


Innate Abilities, Weirdness & Mutations

You have a pair of horns on your head.
You reflexively headbutt those who attack you in melee.


Message History

The frilled lizard bites you but does no damage.
You barely miss the frilled lizard. The frilled lizard barely misses you.
You hit the hobgoblin but do no damage. You closely miss the frilled lizard.
You block the frilled lizard's attack. The hobgoblin barely misses you.
The hobgoblin hits you but does no damage.
The frilled lizard bites you but does no damage.
You slash the hobgoblin!
You kill the hobgoblin!
You barely miss the frilled lizard.
The frilled lizard bites you but does no damage.
You see here a hobgoblin corpse.
You hit the frilled lizard.
The frilled lizard is heavily wounded.
The frilled lizard bites you but does no damage.
The frilled lizard closely misses you. You furiously retaliate!
You headbutt the frilled lizard!
You kill the frilled lizard!
Your Axes skill increases to level 3!
HP restored.
A rat comes into view.
A kobold comes into view. It is wielding a +0 dagger.
The kobold shouts!
The kobold throws a stone.
You block the stone. The rat closely misses you.
The kobold throws a stone.
The stone closely misses you.
You slash the rat!
You kill the rat!
The kobold throws a stone.
The stone hits you.
The kobold throws a stone.
The stone completely misses you.
You slash the kobold!
You kill the kobold!
Things that are here:
a +0 dagger; 4 stones No target in view!
Found a stone staircase leading down.
You see here a staff of air.
No target in view!
You pick up a book of Burglary and begin reading...
You add the spells Passwall, Ensorcelled Hibernation and Swiftness to your library.
Are you sure you want to abandon this character and quit the game? (Confirm with "yes".)

#...# #...#
########...#
#..........########
#.............)....
#...............†..
#..................
##........##........
#..@#.###.##........
#.#.#.###.####.#####
# #.#...............
#.####.|####.##...
#............#....
#..##.#########...
#..#.. #........
#....# #.#####'#
>.## #.#PPP#.#


There were no monsters in sight!

Vanquished Creatures
  A gnoll (D:1)
  A hobgoblin (D:1)
  2 frilled lizards (D:1)
  A kobold (D:1)
  2 rats (D:1)
7 creatures vanquished.

Notes
Turn   | Place    | Note
-------+----------+-------------------------------------------
     0 | D:1      | Zeld the Minotaur Fighter began the quest for the Orb.
     0 | D:1      | Reached XP level 1. HP: 19/19 MP: 0/0
    14 | D:1      | Reached XP level 2. HP: 27/27 MP: 1/1
    73 | D:1      | Quit the game

Illustrated notes

Levels and vault maps discovered:
D:1:      beargit_arrival_greenhouse, layout_basic, hex_intersection

Skill      XL: |  1  2 |
---------------+-------+-----
Axes           | 3 |  3.0
Fighting       | |  3.8
Armour         | |  3.8
Dodging        | |  0.7
Shields        | |  3.6

Action                   || total
-------------------------++-------
Melee: War axe           ||    10
Armor: Scale mail        ||     5
Dodge: Dodged            ||    10
Block: Buckler           ||     2
